 Dungeon Crawl Stone Soup version 0.28.0-53-g5a82cb258f (webtiles) character file.

Game seed: 14874442787952599608

61004 DemonSlayer the Thaumaturge (level 14, -16/100 HPs)
             Began as a Demonspawn Fire Elementalist on Aug 7, 2022.
             Was the Champion of Cheibriados.
             Killed from afar by a storm dragon (52 damage)
             ... with a bolt of lightning
             ... on level 13 of the Dungeon.
             The game lasted 01:17:53 (30653 turns).

DemonSlayer the Thaumaturge (DsFE)                 Turns: 30653, Time: 01:17:55

Health: -16/100    AC: 18    Str: 25    XL:     14   Next: 59%
Magic:  19/40      EV: 17    Int: 29    God:    Cheibriados [******]
Gold:   193        SH: 14    Dex: 32    Spells: 2/40 levels left

rFire   + + +      SeeInvis .   E - +12 hunting sling of Compound Interest {venom, rF++ rCorr Int-3 Stlth+}
rCold   . . .      Faith    .   r - +2 buckler
rNeg    . . .      Spirit   .   L - +1 leather armour of Good Intentions {Regen+ Dex+3 Slay+2}
rPois   .          Reflect  .   (helmet unavailable)
rElec   .          Harm     .   c - +0 cloak
rCorr   +          Rampage  .   t - +3 Mad Mage's Maulers {Infuse+∞ RegenMP Int-3}
Will    +....                   u - +2 pair of boots {Fly}
Stlth   ++++......              (no amulet)
HPRegen 1.06/turn               k - ring of protection from fire
MPRegen 0.67/turn               C - ring of magical power

@: flying, studying Summonings, very slow
A: horns 3, molten scales 1, icemail 1, powered by death 1, condensation shield
a: Renounce Religion, Bend Time, Temporal Distortion, Slouch, Step From Time


You were on level 13 of the Dungeon.
You worshipped Cheibriados.
Cheibriados was exalted by your worship.
You visited 4 branches of the dungeon, and saw 22 of its levels.

You collected 1921 gold pieces.
You spent 1728 gold pieces at shops.

Inventory:

Hand Weapons
 s - a +1 broad axe
 y - a +2 vorpal war axe
 E - the +12 hunting sling of Compound Interest (weapon) {venom, rF++ rCorr Int-3 Stlth+}
   (You found it on level 10 of the Dungeon)

   Any ammunition fired from it poisons the flesh of those it strikes.
   Int:       It affects your intelligence (-3).
   rF:        It greatly protects you from fire.
   rCorr:     It protects you from acid and corrosion.
   Stlth:     It makes you more stealthy.
Missiles
 b - 3 curare-tipped darts
 h - 2 throwing nets
 i - 652 stones (quivered ammo)
 J - 39 sling bullets
Armour
 c - a +0 cloak (worn)
 p - an orb of energy
 r - a +2 buckler (worn)
 t - the +3 Mad Mage's Maulers (worn) {Infuse+∞ RegenMP Int-3}
   (You found it on level 8 of the Dungeon)

   It empowers its wearer's blows with all of their magic.
   It causes its wearer's magical reserves to regenerate more quickly.
   Int:       It affects your intelligence (-3).
 u - a +2 pair of boots of flying (worn)
 L - the +1 leather armour of Good Intentions (worn) {Regen+ Dex+3 Slay+2}
   (You found it on level 4 of the Lair of Beasts)

   Dex:       It affects your dexterity (+3).
   Slay:      It affects your accuracy & damage with ranged weapons and melee
   (+2).
   Regen:     It increases your rate of health regeneration.
Jewellery
 d - a ring of flight
 k - a ring of protection from fire (left hand)
 m - a ring of wizardry
 q - a ring of protection from cold
 C - a ring of magical power (right hand)
 P - a ring of positive energy
Wands
 g - a wand of paralysis (5)
 A - a wand of charming (8)
 D - a wand of acid (5)
 K - a wand of iceblast (11)
 Q - a wand of flame (14)
Scrolls
 a - 3 scrolls of magic mapping
 e - 5 scrolls of enchant armour
 j - 2 scrolls of fear
 w - a scroll of amnesia
 x - 3 scrolls of vulnerability
 B - 3 scrolls of identify
 F - 3 scrolls of teleportation
 I - a scroll of summoning
 M - a scroll of blinking
 N - a scroll of torment
 O - a scroll of fog
Potions
 f - 3 potions of lignification
 l - 9 potions of curing
 n - 3 potions of flight
 o - 3 potions of heal wounds
 v - 3 potions of ambrosia
 z - 2 potions of attraction
 G - a potion of mutation
 H - a potion of brilliance
 R - 2 potions of berserk rage
 T - 3 potions of magic
 U - a potion of resistance
 V - a potion of invisibility {unknown}
Miscellaneous
 S - a phial of floods


   Skills:
 + Level 6.2 Fighting
 + Level 2.3 Short Blades
 + Level 2.7 Axes
 + Level 0.2(1.6) Maces & Flails
 + Level 9.2 Slings
 + Level 0.4(5.7) Throwing
 + Level 3.3 Armour
 + Level 5.6 Dodging
 + Level 4.0 Stealth
 + Level 5.4 Shields
 + Level 1.6 Unarmed Combat
 + Level 13.7 Spellcasting
 + Level 6.0 Conjurations
 + Level 12.3 Fire Magic
 + Level 0.3 Ice Magic
 + Level 1.5 Earth Magic
 + Level 0.5 Evocations


You had 2 spell levels left.
You knew the following spells:

 Your Spells              Type           Power      Damage    Failure   Level
a - Foxfire               Conj/Fire      100%       2x1d9     1%          1
b - Scorch                Fire           100%       2d10      1%          2
c - Conjure Flame         Conj/Fire      65%        6-21      1%          3
d - Airstrike             Air            9%         N/A       36%         4
e - Flame Wave            Conj/Fire      65%        2d12      1%          4
f - Summon Mana Viper     Hex/Summ       19%        N/A       71%         5
g - Summon Ice Beast      Ice/Summ       20%        N/A       34%         4
h - Cause Fear            Hex            9%         N/A       36%         4
i - Olgreb's Toxic Radia  Pois           20%        N/A       36%         4
j - Hailstorm             Conj/Ice       38%        3d9       10%         4
k - Stone Arrow           Conj/Erth      82%        3d12      2%          3

Your spell library contained the following spells:

 Spells                   Type           Power      Damage    Failure   Level
 Shock                    Conj/Air       100%       1d9       1%          1
 Animate Skeleton         Necr           38%        N/A       3%          1
 Beastly Appendage        Tmut           38%        N/A       3%          1
 Pain                     Necr           76%        1d7       3%          1
 Sting                    Tmut/Pois      76%        1d6       3%          1
 Poisonous Vapours        Pois/Air       38%        N/A       5%          2
 Wereblood                Tmut           19%        N/A       5%          2
 Inner Flame              Hex/Fire       53%        N/A       1%          3
 Spider Form              Tmut/Pois      19%        N/A       11%         3
 Swiftness                Air            19%        N/A       11%         3
 Vampiric Draining        Necr           19%        2d7       11%         3
 Animate Armour           Summ/Erth      48%        N/A       26%         4
 Ice Form                 Ice/Tmut       20%        N/A       34%         4
 Freezing Cloud           Conj/Ice/Air   16%        6-21      41%         5
 Simulacrum               Ice/Necr       10%        N/A       99%         6
 Monstrous Menagerie      Summ           9%         N/A       100%        7
 Discord                  Hex            9%         N/A       100%        8
 Lehudib's Crystal Spear  Conj/Erth      20%        10d6      100%        8
 Polar Vortex             Ice            10%        N/A       100%        9


Dungeon Overview and Level Annotations

Branches:
Dungeon (13/15)            Temple (1/1) D:5            Lair (6/6) D:9
  Swamp (0/4) Lair:3        Snake (0/4) Lair:3          Orc (2/2) D:12
    Elf (0/3) Orc:2
  Slime: Lair:5-6    Vaults: D:13-14

Altars:
Ashenzari
Cheibriados
Dithmenos
Elyvilon
Fedhas
Gozag
Hepliaklqana
Kikubaaqudgha
Makhleb
Nemelex Xobeh
Okawaru
Qazlal
Ru
Sif Muna
Trog
Uskayaw
Vehumet
Wu Jian
Xom
Yredelemnul
Zin
The Shining One
Beogh

Shops:
D:2 [((((   D:10 ![   D:12 [   Orc:2 :!(*

Annotations:
Lair:2 exclusion: oklob plant
Lair:4 2 transporters


Innate Abilities, Weirdness & Mutations

You have a pair of large horns on your head.
You are partially covered in molten scales. (AC +2)
A meltable icy envelope protects you from harm. (AC +4)
You regenerate a little health from kills.
A meltable shield of frost defends you. (SH +4)


Message History

The manticore is almost dead.
The hail pelts the storm dragon.
The storm dragon partially resists.
The storm dragon is lightly wounded.
The centaur warrior unwields a +0 longbow.
The centaur warrior hits you but does no damage.
The centaur warrior closely misses you. x2; The centaur warrior kicks you.
A cannonade of hail descends around you!
The hail pelts the storm dragon!
The storm dragon partially resists.
The storm dragon is lightly wounded.
You block the manticore's attack. x2; The manticore claws you.
You block the centaur warrior's attack.
The centaur warrior kicks you but does no damage.
Unknown command.
A wave of flame ripples out!
The flame wave engulfs the manticore!
You kill the manticore!
Cheibriados appreciates the change of pace.
The flame wave engulfs the centaur warrior!!
The centaur warrior is severely wounded.
The flame wave engulfs the storm dragon.
The storm dragon is lightly wounded. (Press . to intensify the flame waves.)
You hear a shout! x2
You block the centaur warrior's attack. The centaur warrior misses you.
The storm dragon barely misses you. The storm dragon claws you!
The storm dragon tramples you.
You are shoved backwards!
Unknown command.
Unknown command.
The stone arrow hits the storm dragon!
The storm dragon is moderately wounded.
The storm dragon breathes lightning at you.
The bolt of lightning hits you!! The storm dragon completely misses you.
The storm dragon claws you. You block the storm dragon's attack.
You hear a shout!
Blink to where?
Press: ? - help, Dir - move target, p - storm dragon
As you read the scroll of blinking, it crumbles to dust.
The storm dragon breathes lightning at you.
The bolt of lightning hits you!!!
Ouch! That really hurt!
You die...

##...##.c...# #.....#†)...#
#####.....##D...# ....
...........§....# .....
...........###.## .....
...............# .....
........######## .....
#+#+#.....#≈♣≈## .....
#@.....≈≈PP# .....
#.......P≈≈♣ .....
#.......P≈≈♣ ......
#.......P≈≈♣
......##########......P≈♣♣#
...................###P≈♣
...................# ###
.....<......#####..#
............# #.##


You could see a storm dragon (catching breath).

Vanquished Creatures
  A boulder beetle (Lair:5)
  Harold (D:10)
  2 hydras
  4 centaur warriors (D:13)
  Erica (Lair:1)
  A death knight (D:12)
  3 two-headed ogres
  An orc high priest (Orc:1)
  3 skeletal warriors
  A bog body (Lair:3)
  Pikel (D:5)
  2 deep elf pyromancers
  A phantasmal warrior (D:12)
  2 ugly things (D:13)
  5 orc knights
  A wolf spider (Lair:6)
  2 orc sorcerers (Orc:2)
  2 cyclopes
  2 manticores
  Joseph (D:9)
  14 elephants
  7 black mambas
  Maggie (D:6)
  A torpor snail (Lair:5)
  7 cane toads
  Psyche (D:10)
  6 komodo dragons
  3 kobold demonologists
  2 unseen horrors
  2 rime drakes
  A freezing wraith (D:12)
  5 trolls
  3 polar bears
  2 hornets (Lair:6)
  3 blink frogs (Lair:3)
  A wind drake (shapeshifter) (D:13)
  A meliai zombie (D:11)
  7 dream sheep (Lair:4)
  10 wyverns
  A shadow (D:9)
  2 water elementals
  3 wraiths
  41 yaks
  Grum (D:10)
  4 basilisks
  A redback (Lair:6)
  5 vampire mosquitoes
  A steam dragon (D:9)
  2 swamp worms (Lair:3)
  2 wargs
  3 acid dragons
  26 water moccasins
  10 black bears
  32 orc warriors
  2 necrophages
  14 centaurs
  8 ogres
  15 wolves
  A lemure (D:5)
  A phantom (D:6)
  4 kobold brigands
  17 bullfrogs
  A gnoll sergeant (Orc:1)
  3 scorpions
  11 killer bees
  5 electric eels
  2 howler monkeys
  4 centaur zombies
  10 orc priests
  A centaur skeleton (D:7)
  3 hounds
  A gnoll shaman (D:8)
  Jessica (D:2)
  4 iguanas
  Natasha (thrice) (D:3)
  17 orc wizards
  4 hell rats (Lair:6)
  A howler monkey zombie (D:9)
  14 gnolls
  8 adders
  A white imp (D:7)
  An ufetubus (D:4)
  An adder skeleton (D:5)
  A worm (D:3)
  3 dart slugs
  60 orcs
  6 ball pythons
  3 endoplasms
  4 giant cockroaches
  3 goblins
  9 hobgoblins
  14 jackals (D:1)
  26 kobolds
  6 quokkas
  6 bats
  12 frilled lizards
  5 rats
564 creatures vanquished.

Vanquished Creatures (collateral kills)
  2 killer bees (D:7)
  2 kobolds (D:7)
  2 foxfires (D:6)
6 creatures vanquished.

Vanquished Creatures (others)
  567 foxfires
  47 fungi
  163 plants
777 creatures vanquished.

Grand Total: 1347 creatures vanquished

Notes
Turn   | Place    | Note
-------+----------+-------------------------------------------
     0 | D:1      | DemonSlayer the Demonspawn Fire Elementalist began the
                  | quest for the Orb.
     0 | D:1      | Reached XP level 1. HP: 13/13 MP: 3/3
   332 | D:1      | Gained mutation: You have a pair of small horns on your
                  | head. [demonic ancestry]
   332 | D:1      | Reached XP level 2. HP: 19/19 MP: 0/5
   338 | D:1      | Learned a level 2 spell: Scorch
   518 | D:1      | Found a faded altar of an unknown god.
  1037 | D:1      | Reached XP level 3. HP: 24/24 MP: 1/6
  1238 | D:1      | Reached skill level 1 in Short Blades
  2000 | D:1      | Learned a level 3 spell: Conjure Flame
  2016 | D:2      | Found Zurrou's Antique Armour Shoppe.
  2289 | D:2      | Found Madoet Vuj's Weapon Emporium.
  2521 | D:2      | Found Orpham's Weapon Shoppe.
  2525 | D:2      | Gained mutation: You are partially covered in molten
                  | scales. (AC +2) [demonic ancestry]
  2525 | D:2      | Reached XP level 4. HP: 31/31 MP: 4/7
  2618 | D:2      | Found Qeycuth's Antique Weapon Shoppe.
  2775 | D:2      | Found Jouger's Antique Weapon Shoppe.
  2808 | D:2      | Noticed Jessica
  2812 | D:2      | Killed Jessica
  3517 | D:3      | Reached XP level 5. HP: 26/36 MP: 3/9
  3791 | D:3      | Noticed Natasha
  3808 | D:3      | Killed Natasha
  4006 | D:3      | Noticed Natasha
  4011 | D:3      | Killed Natasha
  4021 | D:3      | Noticed Natasha
  4028 | D:3      | Killed Natasha
  4029 | D:3      | Reached skill level 3 in Spellcasting
  4194 | D:3      | Learned a level 4 spell: Airstrike
  4226 | D:4      | Gained mutation: You have a pair of horns on your head.
                  | [demonic ancestry]
  4226 | D:4      | Reached XP level 6. HP: 40/42 MP: 3/11
  5040 | D:4      | You fall into a shaft and drop 3 floors!
  5094 | D:7      | Gained mutation: A meltable shield of frost defends you.
                  | (SH +4) [demonic ancestry]
  5094 | D:7      | Reached XP level 7. HP: 14/47 MP: 1/12
  5118 | D:7      | Reached skill level 4 in Spellcasting
  5746 | D:7      | Reached skill level 5 in Fire Magic
  6295 | D:7      | Reached skill level 1 in Fighting
  6314 | D:7      | Reached skill level 5 in Spellcasting
  6524 | D:7      | Reached XP level 8. HP: 50/54 MP: 10/15
  6626 | D:5      | Entered Level 5 of the Dungeon
  6998 | D:5      | Noticed Pikel
  7012 | D:5      | Killed Pikel
  7013 | D:5      | Reached skill level 6 in Spellcasting
  7311 | D:4      | Found a shimmering altar of Xom.
  7312 | D:4      | Found a basalt altar of Yredelemnul.
  7312 | D:4      | Found a sacrificial altar of Ru.
  7636 | D:4      | Learned a level 4 spell: Flame Wave
  7642 | D:4      | Learned a level 5 spell: Summon Mana Viper
  7746 | D:5      | Found a sparkling altar of Nemelex Xobeh.
  8147 | D:5      | Found a bloodstained altar of Trog.
  8242 | D:5      | Found a staircase to the Ecumenical Temple.
  8407 | Temple   | Entered the Ecumenical Temple
  8767 | D:5      | Gained mutation: A meltable icy envelope protects you from
                  | harm. (AC +4) [demonic ancestry]
  8767 | D:5      | Reached XP level 9. HP: 53/59 MP: 10/19
  8847 | D:5      | Found a hide-covered altar of Uskayaw.
  9038 | D:5      | Found a blossoming altar of Fedhas.
  9415 | D:2      | Bought a pair of embroidered boots for 150 gold pieces
  9544 | D:5      | Reached skill level 7 in Spellcasting
  9893 | D:6      | Noticed Maggie
  9906 | D:6      | Killed Maggie
  9907 | D:6      | Reached skill level 1 in Armour
 10053 | D:6      | Found a radiant altar of Vehumet.
 10053 | D:6      | Found a burning altar of Makhleb.
 10054 | D:6      | Found a hazy altar of Hepliaklqana.
 10763 | D:6      | Reached skill level 8 in Spellcasting
 11278 | D:6      | Learned a level 4 spell: Summon Ice Beast
 12162 | D:7      | Reached skill level 1 in Shields
 12399 | D:8      | Found the +3 Mad Mage's Maulers {Infuse+∞ RegenMP Int-3}
 12583 | D:8      | Gained mutation: You regenerate a little health from kills.
                  | [demonic ancestry]
 12583 | D:8      | Reached XP level 10. HP: 59/66 MP: 14/22
 13106 | D:9      | Noticed Joseph
 13136 | D:9      | Killed Joseph
 13299 | D:9      | Reached skill level 1 in Unarmed Combat
 13413 | D:9      | Noticed a two-headed ogre
 13419 | D:9      | Killed a two-headed ogre
 13420 | D:9      | Reached skill level 1 in Axes
 13553 | D:9      | Reached skill level 9 in Spellcasting
 13718 | D:9      | Found a staircase to the Lair.
 13846 | D:9      | Noticed an elephant
 13859 | D:9      | Killed an elephant
 14218 | D:9      | Learned a level 4 spell: Cause Fear
 14538 | D:10     | Entered Level 10 of the Dungeon
 14575 | D:10     | Noticed Psyche
 14586 | D:10     | Found a snail-covered altar of Cheibriados.
 14611 | D:10     | Became a worshipper of Cheibriados the Contemplative
 14624 | D:10     | Found Pulaunli's Distillery.
 14650 | D:10     | Noticed Grum
 14659 | D:10     | Killed Grum
 14661 | D:10     | Gained mutation: You have a pair of large horns on your
                  | head. [demonic ancestry]
 14661 | D:10     | Reached XP level 11. HP: 54/73 MP: 20/24
 14815 | D:10     | Found Olaeda's Superior Scales.
 14882 | D:10     | Killed Psyche
 14957 | D:10     | Identified the +12 hunting sling of Compound Interest
                  | {venom, rF++ rCorr Int-3 Stlth+}
 17109 | D:10     | Bought a potion of curing for 45 gold pieces
 17109 | D:10     | Bought a potion of mutation for 120 gold pieces
 17109 | D:10     | Bought a potion of curing for 45 gold pieces
 17109 | D:10     | Bought a potion of heal wounds for 75 gold pieces
 17128 | D:10     | Noticed Harold
 17147 | D:10     | Killed Harold
 17874 | D:10     | Found a stormy altar of Qazlal.
 18530 | D:11     | Reached * piety under Cheibriados
 18531 | D:11     | Reached skill level 1 in Slings
 18902 | D:11     | Noticed a skeletal warrior
 18903 | D:11     | Noticed a skeletal warrior
 18929 | D:10     | Killed a skeletal warrior
 18930 | D:10     | Reached skill level 10 in Fire Magic
 19088 | Lair:1   | Entered Level 1 of the Lair of Beasts
 19131 | Lair:1   | Identified the +11 dagger "Xylub" {speed, rPois rC- Dex+6
                  | Stlth+}
 19136 | Lair:1   | Noticed Erica
 19144 | Lair:1   | Killed Erica
 19145 | Lair:1   | Reached skill level 10 in Spellcasting
 20341 | Lair:1   | Learned a level 4 spell: Olgreb's Toxic Radiance
 20438 | Lair:2   | Reached ** piety under Cheibriados
 20543 | Lair:2   | Noticed an oklob plant
 20590 | Lair:2   | Noticed a four-headed hydra
 20596 | Lair:2   | Killed a four-headed hydra
 20597 | Lair:2   | Reached skill level 11 in Spellcasting
 21526 | Lair:3   | Reached XP level 12. HP: 64/81 MP: 27/27
 21771 | Lair:3   | Reached *** piety under Cheibriados
 21793 | Lair:3   | Reached skill level 5 in Conjurations
 21799 | Lair:3   | Reached skill level 5 in Slings
 21835 | Lair:3   | Found a staircase to the Snake Pit.
 22017 | Lair:3   | Reached **** piety under Cheibriados
 22213 | Lair:3   | Found a staircase to the Swamp.
 22337 | Lair:3   | Reached skill level 12 in Spellcasting
 23304 | Lair:4   | Found a transporter.
 23319 | Lair:4   | Identified the +1 leather armour of Good Intentions {Regen+
                  | Dex+3 Slay+2}
 23842 | Lair:4   | Found a transporter.
 23893 | Lair:4   | Reached ***** piety under Cheibriados
 23894 | Lair:4   | Reached XP level 13. HP: 88/88 MP: 29/29
 23927 | Lair:4   | Found a bloodstained altar of Trog.
 24180 | Lair:4   | Learned a level 4 spell: Hailstorm
 24635 | Lair:5   | Reached skill level 5 in Dodging
 25697 | Lair:6   | Entered Level 6 of the Lair of Beasts
 25999 | Lair:6   | Reached skill level 13 in Spellcasting
 26260 | Lair:6   | Reached ****** piety under Cheibriados
 26349 | Lair:5   | Learned a level 3 spell: Stone Arrow
 27146 | D:11     | Reached skill level 5 in Fighting
 27462 | D:12     | Found a staircase to the Orcish Mines.
 27477 | D:12     | Found Erchuoj's Armour Shoppe.
 27488 | D:12     | Reached skill level 5 in Shields
 27756 | D:12     | Reached XP level 14. HP: 98/98 MP: 31/31
 28364 | Orc:1    | Entered Level 1 of the Orcish Mines
 28401 | Orc:1    | Reached skill level 1 in Earth Magic
 28578 | Orc:2    | Entered Level 2 of the Orcish Mines
 28845 | Orc:2    | Found a staircase to the Elven Halls.
 29101 | Orc:2    | Found Xuduthunk's Antique Weapon Shoppe.
 29101 | Orc:2    | Found Wyc Ygg's Distillery.
 29104 | Orc:2    | Found Avanest's Book Boutique.
 29106 | Orc:2    | Found Erib Xieph's Assorted Antiques.
 29118 | Orc:2    | Bought a fizzy brown potion for 22 gold pieces
 29121 | Orc:2    | Bought a potion of magic for 120 gold pieces
 29121 | Orc:2    | Bought a potion of resistance for 150 gold pieces
 29121 | Orc:2    | Bought a potion of berserk rage for 75 gold pieces
 29121 | Orc:2    | Bought a potion of curing for 45 gold pieces
 29121 | Orc:2    | Bought a potion of heal wounds for 75 gold pieces
 29950 | Orc:2    | Bought a book of Necromancy for 208 gold pieces
 29950 | Orc:2    | Bought a book of Ice for 598 gold pieces
 30644 | D:13     | Noticed a storm dragon
 30653 | D:13     | Killed from afar by a storm dragon

Illustrated notes

Levels and vault maps discovered:
D:1:      dpeg_arrival_simpleton_a, layout_loops_corners,
          shapermc_ecumenical_altar_gd, minmay_lizard_pond
D:2:      layout_loops_ring, serial_shops, nicolae_shop_statue_plus,
          shop_fountains, nicolae_shop_hallway_plus,
          nicolae_shop_competitors_out_of_business, shop_fountains, uniq_jessica
D:3:      layout_rooms, saegor_snake_ambush, uniq_natasha
D:4:      layout_cave_pods, chequers_temple_overflow_statue_of_worship
D:5:      layout_basic, trog_butcher_becter,
          mainiacjoe_overflow_small_starburst, mainiacjoe_overflow_alcove_1,
          lemuel_tele_altar, minmay_temple_entry_antechambers,
          kennysheep_generic_room_3, uniq_pikel
D:6:      layout_basic, gammafunk_temple_overflow_claw, chequers_big_river,
          minmay_manual_moon, uniq_maggie
D:7:      layout_gridville, solitary_fountain, glass_columns_b
D:8:      layout_loops_ring
D:9:      layout_long_grid, david_lair_generic, uniq_joseph
D:10:     layout_loops_corners, nicolae_qazlal_general_emergency,
          kennysheep_slug_shrine, serial_shops, nicolae_shop_advertising_works
          [nicolae_subvault_shop_adworks], hellmonk_scale_shop, uniq_grum,
          uniq_harold, uniq_psyche
D:11:     layout_rooms, hex_medium, kennysheep_generic_room_9
D:12:     layout_basic, orc_david_3
D:13:     minmay_connected_boxes_in_corner, layout_irregular_city, serial_bayou,
          serial_bayou_pond_b, serial_bayou_shore_b, serial_bayou_shore_b,
          serial_bayou_pond_d, serial_bayou_pond_b
Temple:   compressed_dpeg_triangle_lava_temple
Lair:1:   layout_long_grid, uniq_erica
Lair:2:   layout_regular_city, serial_bayou, serial_bayou_shore_b,
          serial_bayou_pond_c, serial_bayou_shore_b, infiniplex_staircase_pool,
          grunt_megastairs_2, lemuel_fruit_tree
Lair:3:   layout_cave_pods, nicolae_swamp_entry_splash_gauntlet,
          minmay_snake_entry_six_corridors, chequers_serial_rivers_marsh,
          serial_bayou_pond_b, beast_lair_carwin_1
Lair:4:   gammafunk_worm_tunnel, layout_regular_city, basic_altar
Lair:5:   layout_cave_pods, minivault_24, grunt_megastairs_1
Lair:6:   hangedman_lair_tendril_chambers, layout_small_grid,
          guppyfry_lair_end_dragon, dpeg_slime_entry_corner,
          serial_bayou_lagoon_a
Orc:1:    layout_diamond_mine, kennysheep_orc_chapel
Orc:2:    st_orc_rangers, layout_caves

Skill      XL: |  1  2  3  4  5  6  7  8  9 10 11 12 13 14 |
---------------+-------------------------------------------+-----
Fire Magic     | 3 4 5 7 8 9 10 11 12 | 12.3
Stealth        | 2 3 4 |  4.0
Dodging        | 2 3 4 5 |  5.6
Short Blades   | 1 2 |  2.3
Conjurations   | 2 3 4 5 6 |  6.0
Spellcasting   | 3 5 6 8 9 11 12 13 | 13.7
Fighting       | 1 2 3 4 5 6 |  6.2
Armour         | 2 3 |  3.3
Shields        | 1 2 3 5 |  5.4
Unarmed Combat | 1 |  1.6
Axes           | 2 |  2.7
Slings         | 3 5 7 9 |  9.2
Earth Magic    | 1 |  1.5
Maces & Flails | |  0.2
Throwing       | |  0.4
Ice Magic      | |  0.3
Evocations     | |  0.5

Action                   |  1- 3 |  4- 6 |  7- 9 | 10-12 | 13-15 || total
-------------------------+-------+-------+-------+-------+-------++-------
Melee: Rapier            |    69 |    34 |    11 |       |       ||   114
       Headbutt          |     6 |     3 |    10 |     6 |     8 ||    33
       Punch             |       |     1 |       |       |       ||     1
       Whip              |       |       |    18 |       |       ||    18
       War axe           |       |       |     6 |    57 |    17 ||    80
       Unarmed           |       |       |       |    29 |       ||    29
 Fire: Hunting sling     |       |       |       |   241 |   535 ||   776
Throw: Throwing net      |       |       |     2 |     3 |     3 ||     8
 Cast: Foxfire           |    77 |    97 |   125 |    24 |    38 ||   361
       Scorch            |       |    21 |   106 |   266 |   125 ||   518
       Conjure Flame     |       |       |     3 |     7 |       ||    10
       Flame Wave        |       |       |       |     3 |     9 ||    12
       Stone Arrow       |       |       |       |       |    88 ||    88
       Hailstorm         |       |       |       |       |     7 ||     7
       Olgreb's Toxic Ra |       |       |       |       |     2 ||     2
Evoke: Wand              |       |       |       |       |     1 ||     1
  Use: Scroll            |       |     3 |    12 |     8 |     6 ||    29
       Potion            |       |     1 |     2 |     2 |     4 ||     9
 Stab: Sleeping          |     1 |     1 |     1 |       |       ||     3
       Distracted        |       |       |       |     1 |       ||     1
Armor: Robe              |    26 |    17 |    10 |       |       ||    53
       Leather armour    |       |       |    11 |    18 |   112 ||   141
       Steam dragon scal |       |       |    10 |   130 |       ||   140
       Skin              |       |       |       |     1 |       ||     1
Dodge: Dodged            |    67 |    35 |    48 |   178 |   248 ||   576
Block: Other             |       |       |     8 |     1 |       ||     9
       Buckler           |       |       |    28 |   200 |   271 ||   499
